 Dungeon Crawl Stone Soup version 0.27-a0-998-g4cfe56dd59 (webtiles) character file.

Game seed: 4185916391381428035

25 spiderkeys the Ducker (level 2, 0/23 HPs)
             Began as a Demonspawn Gladiator on Apr 17, 2021.
             Succumbed to an adder's poison
             ... on level 2 of the Dungeon.
             The game lasted 00:01:45 (1103 turns).

spiderkeys the Ducker (Demonspawn Gladiator)        Turns: 1103, Time: 00:01:45

Health: 0/23       AC:  3    Str: 14    XL:     2   Next: 82%
Magic:  2/2        EV: 12    Int:  9    God:
Gold:   4          SH:  0    Dex: 14    Spells: 1/1 levels left

rFire    . . .     SeeInvis .     - Unarmed
rCold    . . .     Faith    .   (no shield)
rNeg     . . .     Spirit   .   a - +0 leather armour
rPois    .         Reflect  .   (helmet restricted)
rElec    .         Harm     .   (no cloak)
rCorr    .         Rampage  .   (no gloves)
Will     .....                  (no boots)
Stlth    +.........             (no amulet)
HPRegen  0.07/turn              (no ring)
MPRegen  0.08/turn              (no ring)

@: lethally poisoned (0 -> -4)
A: antennae 1, sense surroundings 1, wild magic 1, evolution 1
a: no special abilities


You were on level 2 of the Dungeon.
You visited 1 branch of the dungeon, and saw 2 of its levels.

You collected 84 gold pieces.
You spent 80 gold pieces at shops.


Innate Abilities, Weirdness & Mutations

You have a pair of small antennae on your head.
You passively map a small area around you.
Your spells are a little harder to cast, but a little more powerful.
You evolve.


   Skills:
 + Level 2.3 Fighting
 - Level 1.7 Throwing
 + Level 0.9 Armour
 + Level 3.0 Dodging
 + Level 3.0 Unarmed Combat


You had one spell level left.
You didn't know any spells.
Your spell library was empty.

Inventory:

Missiles
 c - 3 throwing nets (quivered) {=f!f}
Armour
 a - a +0 leather armour (worn)
 b - a +0 helmet
Scrolls
 e - a scroll of holy word {unknown}
 f - a scroll of fear {unknown}
 h - 3 scrolls of noise {unknown}
Potions
 d - a potion of haste {unknown}
 g - a potion of heal wounds {unknown}

Dungeon Overview and Level Annotations

Branches:
Dungeon (2/15)

Altars:

Shops:
D:1 ?![ D:2

(
#######.#####
.# #..#
#.###* ,
#..#####.....
##...........
#...#.......
#.#..#......
#.##...# * *
#.##...#
#..##@.# *
##..#S.# *
#....# ,, , ,
..#.. , * *
** #..#...,
*, ,#...#...
, **
.....##..
.... [#.* , *


You could see an adder.


Message History

There is an entrance to Xipnueze's Magic Scroll Shop here.
h - 3 scrolls labelled XOSSECV ADULAV (gained 1) Key pressed, stopping explore.
Things that are here:
a +0 dagger; a goblin corpse Key pressed, stopping explore.
Done exploring.
Done exploring.
Done exploring.
Things that are here:
a +0 dagger; a goblin corpse
There is a stone staircase leading down here.
You climb downwards.
There is a stone staircase leading up here.
An adder comes into view.
An adder is nearby!
Found Wophaun's Weapon Shoppe.
The adder hisses angrily.
The adder closely misses you.
You miss the adder. The adder bites you.
You are poisoned.
The adder poisons you! 😕 HP[-5]
You take 5 damage, and now have 17/22 hp.
MASSIVE DAMAGE!! (PAUSE)
You barely miss the adder.
You feel sick. The adder bites you. 😮 HP[-3]
You take 3 damage, and now have 14/22 hp.
You are too injured to fight recklessly!
Unknown command.
You are too injured to fight recklessly!
Unknown command.
You are too injured to fight recklessly!
Unknown command.
You are too injured to fight recklessly!
Unknown command.
You hit the adder.
You feel sick. The adder bites you but does no damage. The adder bites you.
* * * LOW HITPOINT WARNING * * *
😨 HP[-4]
You take 4 damage, and now have 10/22 hp.
You barely miss the adder.
You feel sick. The adder bites you.
* * * LOW HITPOINT WARNING * * *
😨 HP[-2]
You take 2 damage, and now have 8/22 hp.
You hit the adder.
You feel sick. The adder closely misses you. 😨 HP[-1]
You take 1 damage, and now have 7/22 hp.
You closely miss the adder.
You feel sick.
The adder bites you but does no damage. 😨 HP[-1]
You take 1 damage, and now have 6/22 hp.
You hit the adder.
You kill the adder!
You feel sick.
Your Dodging skill increases to level 3!
You now have 23 max hp (+1).
You feel sick.
You are no longer poisoned. 😱 HP[-1]
You take 1 damage, and now have 5/23 hp.
A kobold comes into view. It is wielding a +0 whip.
The kobold shouts!
You hear a shout!
The kobold throws a stone.
The stone hits you but does no damage.
The kobold throws a stone.
The stone hits you but does no damage.
You are too injured to fight recklessly!
The kobold throws a stone.
The stone completely misses you. The kobold closely misses you.
You closely miss the kobold. The kobold barely misses you. 😨 HP[+1]
You hit the kobold. The kobold closely misses you.
You barely miss the kobold.
An adder comes into view.
The kobold hits you with a +0 whip.
* * * LOW HITPOINT WARNING * * *
😱 HP[-2]
You take 2 damage, and now have 4/23 hp.
You closely miss the kobold. The kobold hits you but does no damage.
You barely miss the kobold.
The adder hisses angrily.
The kobold hits you but does no damage.
You hit the kobold.
You kill the kobold!
Your Unarmed Combat skill increases to level 3!
Things that are here:
a +0 whip; a stone; a kobold corpse You miss the adder.
The adder bites you.
* * * LOW HITPOINT WARNING * * *
You are lethally poisoned!
The adder poisons you! 😱 HP[-1]
You take 1 damage, and now have 3/23 hp.
You miss the adder. You punch the adder, but do no damage.
* * * LOW HITPOINT WARNING * * *
You feel sick. The adder misses you. 😱 HP[-2]
You take 2 damage, and now have 1/23 hp.
You closely miss the adder. The adder barely misses you.
You closely miss the adder.
You die...

Skill      XL: |  1  2 |
---------------+-------+-----
Dodging        | 3 |  3.0
Unarmed Combat | 3 |  3.0
Fighting       | |  2.3
Throwing       | |  1.7
Armour         | |  0.9

Action                   || total
-------------------------++-------
Melee: Unarmed           ||    76
       Punch             ||     1
  Use: Potion            ||     1
Armor: Leather armour    ||    28
Dodge: Dodged            ||    39

Levels and vault maps discovered:
D:1:      wander_arrival_fairy_ring, layout_basic,
          shapermc_ecumenical_altar_starsandcircs, serial_shops, shop_scrolls,
          shop, shop
D:2:      layout_rooms, serial_shops, shop

Notes
Turn   | Place    | Note
-------+----------+-------------------------------------------
     0 | D:1      | spiderkeys the Demonspawn Gladiator began the quest for the
                  | Orb.
     0 | D:1      | Reached XP level 1. HP: 16/16 MP: 1/1
     0 | D:1      | magus.rc [v1.9.10]
   308 | D:1      | Found a faded altar of an unknown god.
   494 | D:1      | Gained mutation: You have a pair of small antennae on your
                  | head. [demonic ancestry]
   494 | D:1      | Reached XP level 2. HP: 22/22 MP: 2/2
   845 | D:1      | Found Iwkinot's Armour Shop.
   986 | D:1      | Found Qeab's Distillery.
   993 | D:1      | Bought a potion of mutation for 80 gold pieces
   993 | D:1      | Gained mutation: You passively map a small area around you.
                  | [potion of mutation]
   993 | D:1      | Gained mutation: Your spells are a little harder to cast,
                  | but a little more powerful. [potion of mutation]
   993 | D:1      | Gained mutation: You evolve. [potion of mutation]
  1002 | D:1      | Found Xipnueze's Magic Scroll Shop.
  1071 | D:2      | Found Wophaun's Weapon Shoppe.
  1081 | D:2      | HP: 5/22 [poisoned by an adder]
  1082 | D:2      | Reached skill level 3 in Dodging
  1095 | D:2      | HP: 4/23 [kobold/+0 whip (2)]
  1099 | D:2      | Reached skill level 3 in Unarmed Combat
  1100 | D:2      | HP: 3/23 [adder (1)]
  1101 | D:2      | HP: 1/23 [poisoned by an adder]
  1103 | D:2      | Succumbed to an adder's poison

Vanquished Creatures
  An adder (D:2)
  A bat (D:1)
  An endoplasm (D:1)
  A giant cockroach (D:1)
  3 goblins (D:1)
  A hobgoblin (D:1)
  A quokka (D:1)
  2 ball pythons (D:1)
  A frilled lizard (D:1)
  2 kobolds
  2 rats (D:1)
16 creatures vanquished.

Table legend:
 A = Non-vault XP
 B = Vault XP
 C = Vault XP percentage of total XP
 D = Non-vault monster count
 E = Vault monster count
 F = Vault count percentage of total count
                 A         B        C        D         E       F
            +---------+---------+-------+---------+---------+-------
      Total |      36 |       0 |   0.0 |      16 |       0 |   0.0
            +---------+---------+-------+---------+---------+-------
        D:1 |      22 |       0 |   0.0 |      14 |       0 |   0.0
        D:2 |      14 |       0 |   0.0 |       2 |       0 |   0.0
            +---------+---------+-------+---------+---------+-------

Illustrated notes

Table legend:
 A = Kills in this place as a percentage of kills in entire the game.
 B = Kills by you in this place as a percentage of kills by you in the entire game.
 C = Kills by friends in this place as a percentage of kills by friends in the entire game.
 D = Other kills in this place as a percentage of other kills in the entire game.
 E = Experience gained in this place as a percentage of experience gained in the entire game.
 F = Experience gained in this place divided by the number of levels of this place that you have seen.
                   A       B       C       D       E      F
               +-------+-------+-------+-------+-------+----------------------
         Total | 100.0 | 100.0 |   N/A |   N/A | 100.0 |  18.0
       Dungeon | 100.0 | 100.0 |   N/A |   N/A | 100.0 |  18.0
               +-------+-------+-------+-------+-------+----------------------

Table legend: (Time is in decaauts)
 A = Elapsed time spent in this place.
 B = Non-inter-level travel time spent in this place.
 C = Inter-level travel time spent in this place.
 D = Time resting spent in this place.
 E = Time spent auto-exploring this place.
 F = Levels seen in this place.
 G = Mean time per level.
                   A        B        C        D        E       F      G
               +--------+--------+--------+--------+--------+-----+--------+
         Total |   1099 |   1093 |      6 |      0 |    949 |   2 |  549.5 |
       Dungeon |   1099 |   1093 |      6 |      0 |    949 |   2 |  549.5 |
               +--------+--------+--------+--------+--------+-----+--------+

Top non-repeatable levels by time:
     D:1: 1054 daAuts
     D:2: 44 daAuts
